 Dungeon Crawl Stone Soup version 0.28.0-43-g3370ac3207 (webtiles) character file.

Game seed: 5946450362553946801

625 smarlow the Ducker (level 7, -9/45 HPs)
             Began as a Djinni Fire Elementalist on Mar 3, 2022.
             Mangled by an ogre
             ... wielding a +0 giant spiked club
              (13 damage)
             ... on level 5 of the Dungeon.
             The game lasted 00:07:50 (5655 turns).

smarlow the Ducker (Djinni Fire Elementalist)       Turns: 5655, Time: 00:07:50

Health: -9/45      AC:  2    Str:  7    XL:     7   Next: 76%
Gold:   322        EV: 14    Int: 18    God:
                   SH:  0    Dex: 14

rFire   + + .      SeeInvis .   (no weapon)
rCold   x . .      Faith    .   (no shield)
rNeg    . . .      Spirit   .   a - +0 robe
rPois   ∞          Reflect  .   (no helmet)
rElec   .          Harm     .   (no cloak)
rCorr   .          Rampage  .   (no gloves)
Will    .....                   (boots unavailable)
Stlth   ++........              (no amulet)
HPRegen 0.15/turn               (no ring)
MPRegen 0.00/turn               (no ring)

@: mighty, flying
A: sickness immunity, fire resistance 2, cold vulnerability 1, float, innate
caster, HP casting, extra vitality 1
a: no special abilities


You were on level 5 of the Dungeon.
You visited 1 branch of the dungeon, and saw 5 of its levels.

You collected 322 gold pieces.

Inventory:

Armour
 a - a +0 robe (worn)
Jewellery
 j - a ring of protection from cold
Wands
 r - a wand of polymorph (7)
 s - a wand of charming (6)
 u - a wand of mindburst (12)
Scrolls
 b - a scroll of enchant weapon {unknown}
 c - a scroll of vulnerability {unknown}
 d - 3 scrolls of torment {unknown}
 i - a scroll of fog {unknown}
 k - a scroll of silence {unknown}
 m - 4 scrolls of identify {unknown}
 n - a scroll of fear {unknown}
 o - 2 scrolls of magic mapping {unknown}
 p - a scroll of noise {unknown}
 q - a scroll of amnesia {unknown}
Potions
 e - 3 potions of mutation {unknown}
 f - 4 potions of brilliance {unknown}
 g - 3 potions of curing {unknown}
 h - 2 potions of might
 l - a potion of resistance {unknown}
 t - a potion of magic {unknown}
 v - a potion of heal wounds {unknown}


   Skills:
 + Level 4.8 Dodging
 + Level 3.9 Stealth
 * Level 4.8 Spellcasting


You couldn't memorise any spells.
You knew the following spells:

 Your Spells              Type           Power      Damage    Failure   Level
a - Foxfire               Conj/Fire      84%        2x1d8     1%          1
b - Scorch                Fire           42%        2d7       2%          2
c - Conjure Flame         Conj/Fire      21%        6-21      5%          3
d - Inner Flame           Hex/Fire       21%        N/A       5%          3
e - Flame Wave            Conj/Fire      21%        2d7       19%         4
f - Freeze                Ice            84%        1d10      1%          1
g - Blink                 Tloc           42%        N/A       2%          2
h - Corpse Rot            Necr/Air       42%        N/A       2%          2
Your spell library was empty.

Dungeon Overview and Level Annotations

Branches:
Dungeon (5/15)
 Temple: D:4-7

Altars:
Qazlal
Sif Muna

Shops:
D:1 (


Innate Abilities, Weirdness & Mutations

You are immune to sickness and miasma.
You are immune to poison.
Your flesh is very heat resistant. (rF++)
You are vulnerable to cold. (rC-)
You float through the air rather than walking.
You learn spells naturally, not from books.
Your magical power is your life essence.
You have superior vitality. (+4 MHP)


Message History

The gnoll shaman is healed somewhat.
Casting: Foxfire (safe; 1% risk of failure)
Press: ? - help, Q - select action, (/) - cycle Dir - look around, f - activate You conjure some foxfire!
The bullfrog zombie hits you.
* * * LOW HITPOINT WARNING * * *
Casting: Foxfire (safe; 1% risk of failure)
Confirm with . or Enter, or press ? or * to list all spells.
Flames lash the bullfrog zombie.
The bullfrog zombie is moderately damaged.
The bullfrog zombie's fire resistance burns away.
* * * LOW HITPOINT WARNING * * *
The foxfire hits the bullfrog zombie!
The bullfrog zombie is burned terribly!
The bullfrog zombie is severely damaged.
The foxfire hits the bullfrog zombie.
The bullfrog zombie is severely damaged.
The bullfrog zombie hits you.
* * * LOW HITPOINT WARNING * * *
The bullfrog zombie barely misses you.
Casting: Foxfire (safe; 1% risk of failure)
Press: ? - help, Q - select action, (/) - cycle Dir - look around, f - activate You conjure some foxfire!
* * * LOW HITPOINT WARNING * * *
The bullfrog zombie hits you.
* * * LOW HITPOINT WARNING * * *
Casting: Foxfire (safe; 1% risk of failure)
Confirm with . or Enter, or press ? or * to list all spells.
Flames lash the bullfrog zombie.
The bullfrog zombie is burned terribly!
You destroy the bullfrog zombie!
* * * LOW HITPOINT WARNING * * *
The foxfire hits the ogre.
The ogre is lightly wounded.
The foxfire hits the ogre.
The ogre is lightly wounded.
The gnoll shaman mumbles some strange prayers to its god.
The gnoll shaman is healed somewhat.
It was a potion of might.
You feel very mighty all of a sudden.
The ogre hits you with a +0 giant spiked club!
You die...

#...$$...# #..$..$.g#
#..$..$..# #...$$...
#...... #O.Z. #####
#W'#####...# #..#O@.....#
#..).###...# ###### ##.##
##+## ###.####...##
###...........##
##.#.#.##.......##
########....#.#..(......#
..............+....)....+
########....###.........#


You could see an ogre.

Vanquished Creatures
  An ogre (D:4)
  A centaur (D:5)
  A phantom (D:5)
  A wyvern skeleton (D:4)
  A bullfrog zombie (D:5)
  2 jellies (D:4)
  2 orc priests (D:3)
  A bullfrog skeleton (D:2)
  An orc wizard (D:3)
  A hound skeleton (D:4)
  An adder (D:2)
  3 shadow imps (D:3)
  3 worms
  A dart slug (D:4)
  5 orcs
  7 endoplasms
  3 giant cockroaches
  A goblin (D:3)
  3 hobgoblins
  4 jackals (D:4)
  A quokka (D:1)
  11 ball pythons
  11 bats
  4 frilled lizards (D:1)
  6 kobolds
  6 rats
82 creatures vanquished.

Vanquished Creatures (collateral kills)
  18 foxfires (D:3)
18 creatures vanquished.

Vanquished Creatures (others)
  291 foxfires
  A plant (D:3)
292 creatures vanquished.

Grand Total: 392 creatures vanquished

Notes
Turn   | Place    | Note
-------+----------+-------------------------------------------
     0 | D:1      | smarlow the Djinni Fire Elementalist began the quest for
                  | the Orb.
     0 | D:1      | Reached XP level 1. HP: 15/15 MP: 0/0
   481 | D:1      | Reached XP level 2. HP: 19/21 MP: 0/0
   903 | D:1      | Found Zeamymerph's Weapon Boutique.
  1123 | D:1      | Reached XP level 3. HP: 18/25 MP: 0/0
  1123 | D:1      | Learned a level 1 spell: Freeze
  2595 | D:2      | Reached XP level 4. HP: 27/31 MP: 0/0
  2687 | D:2      | Found a faded altar of an unknown god.
  3169 | D:3      | Found a transporter.
  3340 | D:3      | Reached XP level 5. HP: 30/35 MP: 0/0
  3340 | D:3      | Learned a level 2 spell: Blink
  3694 | D:3      | Found a transporter.
  4080 | D:3      | Reached XP level 6. HP: 26/40 MP: 0/0
  4922 | D:4      | Noticed an ogre
  4925 | D:4      | Killed an ogre
  5052 | D:4      | Reached XP level 7. HP: 3/45 MP: 0/0
  5052 | D:4      | Learned a level 2 spell: Corpse Rot
  5457 | D:4      | Found a stormy altar of Qazlal.
  5588 | D:5      | Entered Level 5 of the Dungeon
  5655 | D:5      | Mangled by an ogre

Illustrated notes

Levels and vault maps discovered:
D:1:      minmay_arrival_shattered_statue, layout_loops_corners, serial_shops,
          nicolae_shop_hallway_stairs, minmay_distorted
D:2:      layout_loops_corners, shapermc_ecumenical_altar_ellora,
          minmay_liquid_box, kennysheep_crisscross, minmay_3d_cube
D:3:      gammafunk_wand_slinger, layout_rooms, chequers_serial_rivers_small_3
D:4:      minmay_general_purpose_star, layout_cave_pools,
          mainiacjoe_overflow_two_lobes, kennysheep_generic_room_10
D:5:      minmay_polygon_palace, layout_loops_corners,
          amcnicky_mini_corridor_feature

Skill      XL: |  1  2  3  4  5  6 |
---------------+-------------------+-----
Stealth        | 2 3 |  3.9
Dodging        | 3 4 |  4.8
Spellcasting   | 3 4 |  4.8

Action                   |  1- 3 |  4- 6 |  7- 9 || total
-------------------------+-------+-------+-------++-------
Melee: Unarmed           |     2 |     2 |       ||     4
 Cast: Foxfire           |    75 |    92 |    22 ||   189
       Scorch            |     7 |    19 |    10 ||    36
  Use: Potion            |       |       |     1 ||     1
Armor: Robe              |     2 |       |       ||     2
Dodge: Dodged            |    13 |     5 |     7 ||    25
